 Dungeon Crawl Stone Soup version 0.30.1 (webtiles) character file.

Game seed: 9102801086076300064

592 brody1818 the Ducker (level 7, -11/41 HPs)
             Began as a Deep Elf Monk on July 12, 2023.
             Mangled by a mummy (15 damage)
             ... on level 4 of the Dungeon.
             The game lasted 00:10:24 (2962 turns).

brody1818 the Ducker (Deep Elf Monk)                Turns: 2962, Time: 00:10:25

Health: -11/41     AC:  9    Str: 10    XL:     7   Next: 16%
Magic:  9/9        EV: 18    Int: 15    God:
Gold:   217        SH:  0    Dex: 17    Spells: 6/6 levels left

rFire   + . .        q - +0 dagger (elec)
rCold   . . .        d - orb {light}
rNeg    . . .        o - +1 ring mail {rC+}
rPois   .            i - +0 helmet
rElec   .            (no cloak)
rCorr   .            k - +0 pair of gloves
SInv    .            h - +0 pair of boots
Will    .....        (no amulet)
Stlth   +            e - +5 ring of evasion
HPRegen 0.26/turn    A - ring of fire
MPRegen 0.11/turn

%: no passive effects
@: mighty, glowing
A: no striking features
a: no special abilities


You were on level 4 of the Dungeon.
You visited 1 branch of the dungeon, and saw 4 of its levels.

You collected 217 gold pieces.

Inventory:

Hand Weapons
 a - a +0 short sword
 q - a +0 dagger of electrocution (weapon)
Armour
 b - a +0 robe
 d - an orb of light (worn)
 g - a +0 leather armour
 h - a +0 pair of boots (worn)
 i - a +0 helmet (worn)
 k - a +0 pair of gloves (worn)
 o - a +1 ring mail of cold resistance (worn)
 w - a +0 tower shield
Jewellery
 e - a +5 ring of evasion (left hand)
 A - a ring of fire (right hand)
Scrolls
 f - a scroll of noise
 j - 4 scrolls of teleportation
 p - a scroll of immolation
 s - a scroll of poison {unknown}
 t - 2 scrolls of enchant weapon {unknown}
 u - a scroll of fear {unknown}
 x - a scroll of amnesia {unknown}
 y - a scroll of identify
Potions
 c - a potion of ambrosia
 l - a potion of cancellation
 r - a potion of mutation {unknown}
 v - 3 potions of resistance
 z - a potion of brilliance {unknown}


   Skills:
 + Level 3.2 Fighting
 + Level 5.6 Short Blades
 + Level 2.6 Armour
 + Level 5.9 Dodging
 + Level 0.7 Stealth


You had 6 spell levels left.
You didn't know any spells.
Your spell library contained the following spells:

 Spells                   Type           Power      Damage    Failure   Level
 Scorch                   Fire           0%         2d5       69%         2
 Volatile Blastmotes      Fire/Tloc      0%         2d10      89%         3
 Summon Ice Beast         Ice/Summ       0%         N/A       100%        4
 Spellforged Servitor     Conj/Summ      0%         N/A       100%        7


Dungeon Overview and Level Annotations

Branches:
Dungeon (4/15)
 Temple: D:4-7

Altars:
Kikubaaqudgha
Yredelemnul

Annotations:
D:4 1 transporter


Message History

The water moccasin skeleton barely misses you.
Menkaure hits you! The scorpion zombie closely misses you.
You hit the water moccasin skeleton.
Lightning courses through the water moccasin skeleton!
You destroy the water moccasin skeleton!
Menkaure misses you. The scorpion zombie misses you.
You hit Menkaure.
Menkaure is lightly damaged.
The mummy completely misses you. Menkaure misses you.
You hit Menkaure.
Menkaure is lightly damaged.
The scorpion zombie closely misses you. Menkaure misses you.
You hit Menkaure.
Menkaure is moderately damaged.
The scorpion zombie hits you. The mummy closely misses you.
You hit Menkaure.
Menkaure is heavily damaged.
Menkaure misses you.
You hit Menkaure.
Menkaure is severely damaged.
The scorpion zombie misses you. Menkaure barely misses you.
You hit Menkaure but do no damage.
Menkaure is severely damaged.
Menkaure hits you but does no damage. The mummy hits you.
The scorpion zombie hits you but does no damage.
You hit Menkaure.
Menkaure is severely damaged.
Menkaure hits you!
* * * LOW HITPOINT WARNING * * *
The scorpion zombie hits you but does no damage.
You feel very mighty all of a sudden. Menkaure barely misses you.
The mummy closely misses you. The scorpion zombie closely misses you.
You puncture Menkaure!
You destroy Menkaure!
You have reached level 7!
You puncture the mummy!
The mummy is heavily damaged.
The scorpion zombie barely misses you. The mummy hits you!
You die...

.................##
..#.##.....#..#...#######
..#.............©.......#
..........#############.#
........#.#©..........#.#
..........#...........#.#
..........#..##...##..#.#
..........#..#8Z..8#..#.#
..........#..##.@M##..#.##
..(.....#.#.....©.....#..###
....##.##.#..##...##..#...)###
..........#..#8...8#..#......#
....#.....#..##...##..#....###
....#.....#...........#...###
..........#.$$_)⌠!_$).#.....##
).........#############......##
................©.............##


You could see a mummy and a scorpion zombie.

Vanquished Creatures
  Menkaure (D:4)
  A scorpion (D:4)
  A water moccasin skeleton (D:4)
  A centaur zombie (D:4)
  2 orc priests (D:3)
  A hound (D:4)
  4 orc wizards
  4 adders
  3 worms
  4 dart slugs
  9 orcs
  6 bats
  5 endoplasms
  4 giant cockroaches
  4 goblins
  7 hobgoblins
  3 jackals (D:4)
  4 quokkas
  9 ball pythons
  6 frilled lizards
  11 kobolds
  6 rats
96 creatures vanquished.

Notes
Turn   | Place    | Note
-------+----------+-------------------------------------------
     0 | D:1      | brody1818 the Deep Elf Monk began the quest for the Orb.
     0 | D:1      | Reached XP level 1. HP: 13/13 MP: 3/3
    90 | D:1      | Reached XP level 2. HP: 14/18 MP: 4/4
   387 | D:1      | Reached XP level 3. HP: 20/22 MP: 5/5
  1483 | D:3      | Reached XP level 4. HP: 27/27 MP: 6/6
  1914 | D:3      | Reached skill level 1 in Armour
  1914 | D:3      | Reached XP level 5. HP: 32/32 MP: 7/7
  2063 | D:4      | Reached skill level 5 in Dodging
  2214 | D:4      | Reached skill level 5 in Short Blades
  2214 | D:4      | Reached XP level 6. HP: 14/37 MP: 8/8
  2398 | D:4      | Found an ancient bone altar of Kikubaaqudgha.
  2399 | D:4      | Found a transporter.
  2401 | D:4      | Found a transporter.
  2440 | D:4      | Got Sif Muna's Catalogue of Summoned Hyperthermia
  2445 | D:4      | Found a basalt altar of Yredelemnul.
  2577 | D:4      | Noticed Menkaure
  2961 | D:4      | Killed Menkaure
  2962 | D:4      | Reached XP level 7. HP: 4/41 MP: 9/9
  2962 | D:4      | Mangled by a mummy

Illustrated notes

Levels and vault maps discovered:
D:1:      minmay_arrival_up_and_down, layout_rooms, minmay_pentomino_w2
D:2:      layout_basic, chequers_serial_rivers_micro_d
D:3:      layout_loops_ring
D:4:      layout_cave_pools, tgw_sif, gammafunk_temple_of_torment

Skill      XL: |  1  2  3  4  5  6 |
---------------+-------------------+-----
Dodging        | 4 5 |  5.9
Short Blades   | 4 5 |  5.6
Armour         | 1 2 |  2.6
Fighting       | 3 |  3.2
Stealth        | |  0.7

Action                     |  1- 3 |  4- 6 |  7- 9 || total
---------------------------+-------+-------+-------++-------
  Melee: Short sword       |   159 |     3 |       ||   162
         Dagger            |       |   181 |     1 ||   182
    Use: Scroll            |     2 |     5 |       ||     7
         Potion            |       |     3 |       ||     3
 Armour: Robe              |     3 |       |       ||     3
         Leather armour    |    19 |    17 |       ||    36
         Ring mail         |       |    35 |       ||    35
  Dodge: Dodged            |   126 |   207 |     1 ||   334
